 Dungeon Crawl Stone Soup version 0.29.0-7-g18a832c13a (webtiles) character file.

Game seed: 5053179556135484188

44 gelatine the Gusty (level 3, -4/19 HPs)
             Began as a Tengu Air Elementalist on Sept 1, 2022.
             Slain by a gnoll
             ... wielding a +0 spear
              (5 damage)
             ... on level 2 of the Dungeon.
             The game lasted 00:02:07 (1237 turns).

gelatine the Gusty (Tengu Air Elementalist)         Turns: 1237, Time: 00:02:08

Health: -4/19      AC:  2    Str:  8    XL:     3   Next: 62%
Magic:  0/7        EV: 12    Int: 17    God:
Gold:   60         SH:  0    Dex: 14    Spells: 3/6 levels left

rFire   . . .      SeeInvis .   c - +0 whip
rCold   . . .      Faith    .   (no shield)
rNeg    . . .      Spirit   .   a - +0 robe
rPois   .          Reflect  .   (helmet restricted)
rElec   .          Harm     .   (no cloak)
rCorr   .          Rampage  .   (no gloves)
Will    .....                   (boots unavailable)
Stlth   ++........              (no amulet)
HPRegen 0.06/turn               (no ring)
MPRegen 0.10/turn               (no ring)

@: no status effects
A: beak, talons 3
a: no special abilities


You were on level 2 of the Dungeon.
You visited 1 branch of the dungeon, and saw 2 of its levels.

You collected 60 gold pieces.

Inventory:

Hand Weapons
 c - a +0 whip (weapon)
Missiles
 g - 4 silver boomerangs
Armour
 a - a +0 robe (worn)
Magical Staves
 h - a staff of fire
Scrolls
 d - a scroll of enchant armour {unknown}
 f - a scroll of noise {unknown}
 i - 2 scrolls of identify {unknown}
Potions
 b - a potion of magic
 e - a potion of degeneration {unknown}
 j - a potion of heal wounds {unknown}


   Skills:
 + Level 2.4 Dodging
 + Level 2.1 Stealth
 + Level 2.4 Spellcasting
 + Level 1.9 Conjurations
 + Level 5.2 Air Magic


You had 3 spell levels left.
You knew the following spells:

 Your Spells              Type           Power      Damage    Failure   Level
a - Shock                 Conj/Air       56%        1d6       4%          1
b - Static Discharge      Conj/Air       14%        3-5/arc   6%          2

Your spell library contained the following spells:

 Spells                   Type           Power      Damage    Failure   Level
 Swiftness                Air            19%        N/A       7%          3
 Airstrike                Air            9%         2d(2-18)  22%         4


Dungeon Overview and Level Annotations

Branches:
Dungeon (2/15)

Altars:


Innate Abilities, Weirdness & Mutations

You have a beak for a mouth.
You have claws for feet.


Message History

The fungus is lightly damaged.
The zap hits the fungus.
The fungus is lightly damaged.
The zap hits the gnoll.
The gnoll is moderately wounded.
You miscast Shock.
You are very lightly contaminated with residual magic.
Nothing appears to happen.
A nearby fungus withers and dies. x2
Unknown command.
The zap hits the fungus.
The fungus is lightly damaged.
The zap hits the gnoll.
The gnoll is severely wounded.
A nearby fungus withers and dies.
A gnoll is nearby!
The zap hits the gnoll.
You kill the gnoll!
Something hits the plant!
The plant begins to die.
A gnoll comes into view. It is wielding a +0 spear.
The zap misses the gnoll.
Your magical contamination has completely faded away.
The zap hits the gnoll but does no damage.
The zap hits the plant.
The plant is lightly damaged.
Something hits the fungus.
The fungus begins to die.
You are out of magic!
Unknown command.
A nearby plant withers and dies.
The gnoll hits you from afar with a +0 spear!
Ouch! That really hurt!
A nearby fungus withers and dies.
The gnoll misses you. The gnoll barely misses you.
You hit the gnoll but do no damage. You peck the gnoll, but do no damage.
The gnoll hits you with a +0 whip.
* * * LOW HITPOINT WARNING * * *
The gnoll hits you but does no damage. The gnoll hits you with a +0 spear.
* * * LOW HITPOINT WARNING * * *
The gnoll hits you with a +0 spear.
You die...

.## .# .......+ .#......
....... .#.....# ......
.#.....## .....
.#.......####..######
.#....##...##...#...#
##....###...#...#g#.#.#.#.
†#......+.......@g......P.
#....)..#....#..#.#.#)#.#.
#.##....#....#..#...#
#.##....#.......#.#.#
..##....#...#...PPP...
....#....####...#.#.#P#
.##.####.#####..#...#.# .
#. #....##.###### # . #.
#....##..


You could see 2 gnolls.

Vanquished Creatures
  A gnoll (D:2)
  A dart slug (D:1)
  2 ball pythons (D:1)
  3 bats (D:1)
  4 endoplasms
  2 giant cockroaches (D:2)
  5 hobgoblins (D:1)
  3 jackals (D:2)
  2 quokkas (D:1)
  A frilled lizard (D:2)
  2 goblins (D:1)
  A kobold (D:1)
  A rat (D:1)
28 creatures vanquished.

Vanquished Creatures (others)
  5 fungi (D:2)
  3 plants (D:2)
8 creatures vanquished.

Grand Total: 36 creatures vanquished

Notes
Turn   | Place    | Note
-------+----------+-------------------------------------------
     0 | D:1      | gelatine the Tengu Air Elementalist began the quest for the
                  | Orb.
     0 | D:1      | Reached XP level 1. HP: 10/10 MP: 4/4
   304 | D:1      | Reached XP level 2. HP: 15/15 MP: 4/6
   307 | D:1      | Learned a level 2 spell: Static Discharge
   938 | D:1      | Reached XP level 3. HP: 19/19 MP: 4/7
  1091 | D:2      | Reached skill level 5 in Air Magic
  1237 | D:2      | Slain by a gnoll

Illustrated notes

Levels and vault maps discovered:
D:1:      dpeg_arrival_rooms_with_view, layout_basic
D:2:      layout_basic, shapermc_ecumenical_altar_mp_urbaneastern,
          serial_co_window_serial, co_window_of_opportunity_a,
          co_window_paths_a, co_window_paths_a, co_window_of_opportunity_a,
          co_window_cross_1, co_window_corner_b, co_window_cross_4,
          co_window_unsneaky_path_c, co_window_of_opportunity_c,
          co_window_2corner, co_window_corner_b, co_window_4corner_b,
          uniq_natasha

Skill      XL: |  1  2  3 |
---------------+----------+-----
Air Magic      | 5 |  5.2
Dodging        | |  2.4
Stealth        | |  2.1
Spellcasting   | |  2.4
Conjurations   | |  1.9

Action                   || total
-------------------------++-------
Melee: Kick              ||     3
       Unarmed           ||     1
       Whip              ||     6
       Peck              ||     1
 Cast: Shock             ||    53
Armor: Robe              ||     2
Dodge: Dodged            ||     5
